[Event "ITT 1st Parada Jamundi 2022"]
[Site "Jamundi Valle"]
[Date "2022.12.09"]
[Round "8.9"]
[White "Lopez Rayo, Santiago"]
[Black "Mateus, Alejandro"]
[Result "1/2-1/2"]
[ECO "B99"]
[WhiteElo "2300"]
[BlackElo "2308"]
[Annotator "TA"]
[PlyCount "35"]
[EventDate "2022.12.05"]
[EventType "swiss"]
[EventCountry "COL"]
[SourceTitle "playchess.com"]
[Source "ChessBase"]
[SourceQuality "1"]
[TimeControl "5400+30"]

1. e4 c5 2. Nf3 d6 3. d4 cxd4 4. Nxd4 Nf6 5. Nc3 a6 6. Bg5 e6 7. f4 Be7 8. Qf3 h6 9. Bh4 Nbd7 10. O-O-O Qc7 11. Be2 {[%emt 0:00:41] 11.Be2 scores better than 11.Bd3.} b5 (11... Nxe4 $2 12. Nxe4 (12. Nxe6 fxe6 13. Bxe7 Kxe7 $18) 12... Bxh4 13. Nxe6 $1 fxe6 14. Qh5+ (14. Nxd6+ Ke7 $18) 14... Kf8 15. Nxd6 $18 (15. Qxh4 d5 $16)) 12. Bxf6 $1 {B99: Sicilian Najdorf: 6 Bg5 e6 7 f4 Be7 8 Qf3 Qc7 9 0-0-0 Nbd7.} Nxf6 (12... Bxf6 $2 13. e5 dxe5 14. Ndxb5 (14. Qxa8 exd4 15. Ne4 O-O $15) 14... axb5 15. Qxa8 $18) 13. e5 $1 {[%emt 0:00:50] Prevents b4.} Bb7 14. Qg3 {[%emt 0:00:52] Hoping for Ncxb5. White is slightly better.} dxe5 15. fxe5 {[%emt 0:00:28] Threatens to win with Ndxb5.} (15. Qxg7 $2 Rg8 16. Nxe6 (16. Ncxb5 $2 Qb6 $19) 16... Qb6 17. Qxh6 Qxe6 18. fxe5 Rxg2 $19) 15... Nd7 {[#] has lost popularity (15...Nd5).} 16. Bf3 $2 ({Of course not} 16. Qxg7 Qxe5 17. Qxe5 Nxe5 $15) (16. Nxe6 $1 $16 fxe6 17. Qg6+ (17. Qxg7 $2 {is the wrong capture.} Bg5+ 18. Kb1 O-O-O $19) 17... Kd8 18. Qxg7) 16... Bxf3 (16... Nxe5 $2 17. Bxb7 (17. Qxg7 O-O-O $11) 17... Bg5+ 18. Kb1 Qxb7 19. Qxe5 $18) ({Better is} 16... O-O $17) 17. Nxf3 (17. gxf3 $11 b4 18. Qxg7 Qxe5 19. Qxe5 Nxe5 20. Ne4) 17... O-O $17 {[#]} 18. Nd4 $146 {[%emt 0:04:48] Weighted Error Value: White=0.58/Black=0.42} (18. Ne4 $17) ({Predecessor:} 18. Rhe1 Nc5 {½-½ (18) Lopez Rayo,S (2306)-Mateus Urbano,L (2300) Jamundi 2022}) 1/2-1/2

[Event "ITT 1st Parada Jamundi 2022"]
[Site "Jamundi Valle"]
[Date "2022.12.10"]
[Round "8.10"]
[White "Mogollon Tobar, Nicolle Julieth"]
[Black "Arango Arenas, Juan Camilo"]
[Result "0-1"]
[ECO "B33"]
[WhiteElo "1840"]
[BlackElo "2202"]
[Annotator "TA"]
[PlyCount "96"]
[EventDate "2022.12.05"]
[EventType "swiss"]
[EventCountry "COL"]
[SourceTitle "playchess.com"]
[Source "ChessBase"]
[SourceQuality "1"]
[TimeControl "5400+30"]

1. e4 c5 2. Nf3 Nc6 3. d4 cxd4 4. Nxd4 Nf6 5. Nc3 e5 6. Ndb5 d6 7. Bg5 a6 8. Na3 b5 9. Nd5 Be7 10. Bxf6 Bxf6 11. c3 Ne7 12. Nc2 Nxd5 13. Qxd5 Rb8 14. Ne3 Bg5 {B33: Sicilian: Pelikan and Sveshnikov Variations.} 15. Qd3 Bxe3 16. Qxe3 O-O {[#] The position is equal.} 17. Bd3 $146 ({Predecessor:} 17. Be2 f5 18. exf5 Bxf5 19. O-O Qh4 20. Rad1 Rf6 21. Qg3 Qa4 22. Bf3 Rg6 23. Bd5+ {½-½ (29) Ostermeier,R (2003)-Schork,S Germany 1999}) 17... d5 18. O-O d4 19. cxd4 Qxd4 20. Qxd4 exd4 21. Rfd1 Be6 22. Rd2 Rfd8 23. b3 g5 24. Rad1 a5 25. Kf1 Rd6 (25... Kg7 $11) 26. Rc1 $14 a4 27. b4 (27. Rc5 $14) 27... a3 $1 $11 28. Rc5 h6 29. g3 (29. Bxb5 $2 {perishes.} Rxb5 $1 30. Rxb5 Bc4+ 31. Ke1 Bxb5 $19) 29... Ra6 30. f4 {f5 is the strong threat.} (30. Bxb5 $2 Rxb5 $1 31. Rxb5 Bc4+ 32. Ke1 Bxb5 $19) 30... f6 31. Rc1 (31. Bxb5 $2 {is the wrong capture.} Rxb5 $1 32. Rxb5 Bc4+ 33. Ke1 Bxb5 $19) 31... Ra4 32. Rb1 (32. f5 $5 Bf7 33. Rb1 $11) 32... Ra7 33. Rc1 Ra4 34. Rb1 Raa8 35. Ke1 Kf8 36. Rc1 Rc8 {Prevents Rc6.} 37. Rb1 Rab8 38. Kd1 {[#]} ({White should try} 38. Be2 $15) 38... Rc3 $1 $17 39. Rc1 Ra8 {[%cal Oe6b3] Hoping for ...Bb3+! Black has more active pieces.} 40. Rxc3 dxc3 {[%mdl 4096] Endgame KRB-KRB} 41. Re2 {[%mdl 8192] Now White is beyond hope.} (41. Rf2 $17 {was called for.}) 41... Bg4 $19 42. Kc2 Bxe2 43. Bxe2 {KR-KB} Rc8 44. Bxb5 $2 (44. h4) 44... Rb8 {Black is clearly winning.} 45. Bc4 Rxb4 46. Kxc3 Rb2 47. fxg5 hxg5 ({Inferior is} 47... Rxh2 48. gxf6 Rh3 49. e5 Rxg3+ 50. Kd4 Rg4+ 51. Kd5 $11) 48. h4 g4 {[%emt 0:25:58] Weighted Error Value: White=0.39/Black=0.09 (flawless)} 0-1

[Event "ITT 1st Parada Jamundi 2022"]
[Site "Jamundi Valle"]
[Date "2022.12.10"]
[Round "8.11"]
[White "Valdes Martinez, Miguel A."]
[Black "Gonzalez Velasco, Leandro"]
[Result "1-0"]
[ECO "A48"]
[WhiteElo "2104"]
[BlackElo "1915"]
[Annotator "TA"]
[PlyCount "111"]
[EventDate "2022.12.05"]
[EventType "swiss"]
[EventCountry "COL"]
[SourceTitle "playchess.com"]
[Source "ChessBase"]
[SourceQuality "1"]
[TimeControl "5400+30"]

1. Nf3 Nf6 2. d4 g6 3. Bf4 Bg7 4. e3 O-O 5. h3 d6 6. Be2 b6 7. O-O Bb7 8. Nbd2 Nbd7 9. Bh2 {[%emt 0:01:16] is the new trend. A48: 1 d4 Nf6 2 Nf3 g6: Torre, London and Colle Systems.} c5 10. a4 a5 {[%emt 0:03:19] [#]} 11. Bb5 $146 {[%emt 0:00:13] White has an edge.} ({Predecessor:} 11. c3 Qc7 12. Bd3 Rfe8 13. e4 cxd4 14. cxd4 Rac8 15. Qe2 e5 16. d5 Nc5 17. Bb5 Red8 {1-0 (50) Tristan,L (2548)-D'Arruda,R (2271) Chess.com INT 2022}) 11... Ne4 12. c3 Ndf6 13. Nc4 Rc8 14. Na3 cxd4 15. exd4 Nd5 16. Re1 f5 17. Nc4 Kh8 18. Ncd2 Ndf6 ({Black should try} 18... Bh6 $11) 19. Qe2 Bh6 20. Rad1 g5 (20... Kg8 $14) 21. Nxe4 (21. d5 $142) 21... fxe4 $16 {[%emt 0:00:30] [#]} 22. Nd2 {[%emt 0:00:30] White is more active.} (22. Ne5 $1 $16 ) 22... Rg8 $2 (22... g4 $1 $15 {stays ahead.} 23. h4 (23. hxg4 e3 $11) 23... Rg8) 23. Nf1 (23. g4 $16) 23... g4 $14 {[%emt 0:00:30] Inhibits f3.} 24. h4 Qc7 25. Ng3 Bf4 26. Nf1 ({Much worse is} 26. Nf5 Bxh2+ 27. Kxh2 g3+ 28. fxg3 (28. Nxg3 e3 $17) 28... d5 $17) (26. d5 $1 $14) 26... Nh5 (26... Bxh2+ $11 27. Kxh2 g3+ 28. fxg3 (28. Nxg3 Ng4+ 29. Kg1 e3 $17) 28... d5) 27. d5 Bxh2+ 28. Kxh2 e5 29. dxe6 {[%emt 0:00:30] Black must now prevent Qe3.} Qe7 {[%emt 0:00:30] This move loses the game for Black.} (29... Nf4 $16 30. Qd2 d5) 30. g3 Qxe6 31. Ne3 {[%emt 0:00:30] And now Bc4 would win.} Nf6 32. Qd2 d5 33. Qd4 Rg7 (33... Rgf8 $142 34. Ng2 Bc6) 34. c4 $18 Rc5 35. Rd2 h6 (35... Rgc7 $142 36. cxd5 Bxd5 37. Nxg4 Kg7) 36. Red1 {[%emt 0:00:30] Hoping for Rc1.} dxc4 $2 (36... Kh7 {is a better chance.} 37. cxd5 Bxd5) 37. Bxc4 Qe7 38. b3 Kh7 39. Qd6 Rc6 (39... Qxd6 $142 40. Rxd6 Ne8 41. Rxb6 Rc6) 40. Qf4 {[%emt 0:00:30] Threatens to win with Rd8.} Bc8 41. Rd6 Rxd6 42. Rxd6 Rg6 43. Rxb6 Nh5 44. Qb8 Qf8 45. Kg1 Nxg3 46. Qxg3 {[%emt 0:00:30] Rxg6 is the strong threat.} Rxb6 47. Qc7+ (47. Nxg4 $2 {too greedy.} Bxg4 48. Qc7+ Qg7 49. Qxg7+ Kxg7 $19) 47... Qg7 48. Qxb6 g3 49. Be6 gxf2+ 50. Kxf2 Qb2+ 51. Kg1 Qg7+ (51... Bxe6 $142 52. Qxe6 Qd4 53. Qf7+ Kh8) 52. Kh1 Qa1+ 53. Kg2 {[%emt 0:00:30] Intending Qc7+ and mate.} Qg7+ 54. Kh3 Qf6 55. Qc7+ Kg6 56. Qg3+ {[%emt 0:25:12] Weighted Error Value: White=0.39/Black=0.63} 1-0

[Event "ITT 1st Parada Jamundi 2022"]
[Site "Jamundi Valle"]
[Date "2022.12.09"]
[Round "8.12"]
[White "Larino Nieto, David"]
[Black "Pazos Gambarrotti, Plinio"]
[Result "1-0"]
[ECO "D02"]
[WhiteElo "2466"]
[BlackElo "2083"]
[Annotator "TA"]
[PlyCount "55"]
[EventDate "2022.12.05"]
[EventType "swiss"]
[EventCountry "COL"]
[SourceTitle "playchess.com"]
[Source "ChessBase"]
[SourceQuality "1"]
[TimeControl "5400+30"]

1. Nf3 Nf6 2. d4 e6 3. Bf4 d5 4. e3 Bd6 5. Bd3 c5 6. Bxd6 {D02: 1 d4 d5 2 Nf3 sidelines, including 2...Nf6 3 g3 and 2...Nf6 3 Bf4.} Qxd6 {[#]} 7. dxc5 $146 ({Predecessor:} 7. c3 O-O 8. Nbd2 Nbd7 9. O-O e5 10. dxe5 Nxe5 11. Nxe5 Qxe5 12. Qf3 Rd8 13. Qg3 Qe7 14. h3 Ne4 15. Bxe4 dxe4 16. Rfd1 Bf5 17. Nc4 f6 18. Nd6 Bg6 19. Rd2 Rd7 {1-0 (35) Fogh,J (2149)-Thorsbro,P (2190) Skanderborg 2021}) 7... Qxc5 8. O-O {The position is equal.} Nc6 9. Nbd2 Nb4 (9... e5 $5 10. e4 Bg4 $11) 10. Be2 O-O 11. a3 Nc6 12. b4 Qd6 13. h3 Bd7 14. c4 dxc4 (14... b6 $11 {remains equal.}) 15. Nxc4 $16 Qxd1 16. Rfxd1 Rfe8 ({Black should try} 16... Ne7 $14) 17. Nd6 {[%csl LRb7,LRe8] White is more active.} Rab8 (17... Reb8 $16 18. Ng5 Nd8) 18. b5 Ne7 19. Ne5 (19. Nxe8 $142 Bxe8 20. Rac1) 19... Ng6 $2 {[#]} (19... Rf8 20. Ndxf7 Rxf7) 20. Nexf7 $2 (20. Nxd7 Nxd7 21. Nxe8) 20... Rf8 21. Ng5 h6 22. Nf3 Nd5 (22... Rfd8 {is a better defense.} 23. Bc4 Kf8) 23. Bc4 $18 Nge7 $2 {[#]} (23... Nc3 24. Rd4 Nd5) 24. Ne5 Be8 25. g3 {Black must now prevent e4.} Rf6 (25... Ng6 $142) 26. e4 {White is clearly winning.} Nc3 27. Rdc1 Na4 28. Bb3 {[%emt 0:12:33] Weighted Error Value: White=0.51/Black=0.54} 1-0

[Event "ITT 1st Parada Jamundi 2022"]
[Site "Jamundi Valle"]
[Date "2022.12.10"]
[Round "8.13"]
[White "Londono Lopez, Donaldo"]
[Black "Lopez Rayo, Isabella"]
[Result "1-0"]
[ECO "B77"]
[WhiteElo "2055"]
[BlackElo "1898"]
[Annotator "TA"]
[PlyCount "49"]
[EventDate "2022.12.05"]
[EventType "swiss"]
[EventCountry "COL"]
[SourceTitle "playchess.com"]
[Source "ChessBase"]
[SourceQuality "1"]
[TimeControl "5400+30"]

1. e4 c5 2. Nf3 d6 3. d4 cxd4 4. Nxd4 Nf6 5. Nc3 g6 6. Be3 Bg7 7. f3 O-O 8. Qd2 Nc6 9. Bc4 Bd7 10. h4 h5 11. O-O-O Rc8 {[%emt 0:00:39] B77: Sicilian Dragon: Yugoslav Attack, 9 Bc4 sidelines.} (11... Ne5 $11 12. Bb3 Rb8) 12. Nxc6 $14 bxc6 13. g4 {[%emt 0:01:38] [#] Hoping for e5. White is much more active.} (13. Bxa7 c5) 13... Qa5 $146 {[%emt 0:11:06] Against e5. White is slightly better.} ({Predecessor:} 13... hxg4 14. h5 Nxh5 15. Rxh5 gxh5 16. Bh6 Qa5 17. Bd5 Bf6 18. e5 cxd5 19. exf6 exf6 20. Qd4 Rxc3 21. Qxf6 Rxc2+ 22. Kb1 Rxb2+ 23. Kxb2 Rb8+ 24. Ka1 {1-0 (24) Luckow,R-Jeck,T Kiel 1992}) 14. Bh6 (14. g5 Ne8 $11) (14. gxh5 {simplifies} Qxh5 15. Bg5 d5 16. Bb3) 14... Qb4 {[%emt 0:04:46] [#]} (14... hxg4 15. Bxg7 Kxg7 16. Qg5 Qxg5+ 17. hxg5 $17) (14... Rb8 $14) 15. Bb3 $1 $16 ({Of course not} 15. Bxg7 $6 Kxg7 16. g5 Qxc4 $11) 15... Qa5 {[%emt 0:23:07] Against e5} (15... hxg4 $2 16. h5 Nxh5 17. Qg5 $18) 16. Rdg1 (16. Rde1 $16) 16... Kh7 {[%emt 0:01:29] Prevents e5.} 17. Bxg7 Kxg7 18. Qg5 ({Don't play} 18. g5 Ne8 $14) ({White should play} 18. Re1 $16) 18... Qxg5+ (18... Qe5 $11) 19. hxg5 Ne8 20. gxh5 gxh5 21. Rxh5 {[%emt 0:00:10] Black must now prevent Rgh1.} Nc7 22. Rgh1 $36 {[%emt 0:01:45][%mdl 2048] White is in control.} Be6 $2 {[%emt 0:01:24][%mdl 8192] [#]} (22... Rh8 $16 23. Kd2 (23. Rxh8 Rxh8 24. Rxh8 Kxh8 $16) 23... e5) 23. Rh7+ {[%emt 0:04:44] White mates.} Kg6 24. f4 Bxb3 25. R1h6# {[%emt 0:00:16] Weighted Error Value: White=0.20 (precise) /Black=0.59} 1-0

[Event "ITT 1st Parada Jamundi 2022"]
[Site "Jamundi Valle"]
[Date "2022.12.10"]
[Round "8.14"]
[White "Vacca, Leonardo"]
[Black "Navia Alvarez, Edwin Adrian"]
[Result "0-1"]
[ECO "D10"]
[WhiteElo "2041"]
[BlackElo "2023"]
[Annotator "TA"]
[PlyCount "198"]
[EventDate "2022.12.05"]
[EventType "swiss"]
[EventCountry "COL"]
[SourceTitle "playchess.com"]
[Source "ChessBase"]
[SourceQuality "1"]
[TimeControl "5400+30"]

1. c4 c6 2. Nc3 d5 3. e3 Nf6 4. Nf3 Bg4 5. Qb3 Bc8 6. d4 e6 7. Bd2 {[%emt 0:03:36] D10: Slav Defence: 3 cxd5 (without early Nf3) and 3 Nc3.} Bd6 8. Rc1 Nbd7 9. Bd3 {[%emt 0:02:23] The position is equal.} O-O {[%emt 0:01:11] [#]} 10. O-O $146 ({Predecessor:} 10. h4 dxc4 11. Bxc4 Nb6 12. Bd3 c5 13. dxc5 Bxc5 14. Nb5 Bd6 15. Nxd6 Qxd6 16. Bb4 {1-0 (26) Maksimov,S (1769)-Spirin,A Nizhnij Novgorod 2013}) 10... dxc4 11. Qxc4 e5 12. Bb1 (12. h3 {is more complex.} Bc7 13. Bb1 Re8 14. Ng5) 12... Qe7 (12... Bc7 {seems wilder.} 13. h3 Re8 14. Ng5 Re7) 13. Qd3 {[%emt 0:11:21] Inhibits e4.} Re8 {[%emt 0:03:14] Strongly threatening ...e4.} 14. e4 (14. Ng5 $11) 14... exd4 $15 15. Nxd4 Nc5 (15... Qe5 16. f4 Qh5 17. e5 Nxe5 18. fxe5 Bxe5 19. Nf3 $16) 16. Qc2 Qe5 (16... Ncxe4 17. Rfe1 c5 18. Nxe4 $14 (18. Rxe4 Nxe4 19. Qxe4 Qxe4 $11)) (16... Nfxe4 17. b4 Bxh2+ 18. Kxh2 Qd6+ 19. Kg1 Qxd4 20. bxc5 (20. Be1 Bf5 $16) 20... Nxd2 21. Rfd1 $16 (21. Qxh7+ Kf8 $16) (21. Qxh7+ Kf8 $16)) (16... Be5 {simplifies} 17. Nf3 Bxc3 18. Bxc3 Ncxe4 19. Rfe1 Bf5) 17. Nf3 Qh5 {[%emt 0:00:01][%cal Oc8g4] Threatens to win with ...Bg4!} 18. e5 $1 Bxe5 19. Nxe5 Rxe5 (19... Qxe5 20. Rfe1 Qh5 21. Rxe8+ Nxe8 22. Ne2 $1 $16) 20. Bf4 (20. Rfe1 $11 {was preferrable.}) 20... Re8 (20... Bf5 $15 21. Qd1 Ree8) 21. Bg3 (21. Rfe1 {is interesting.} Be6 22. Ne2 Bd5 23. f3) 21... Be6 22. b4 Ncd7 23. a4 Nd5 24. Qb2 N7f6 25. Rfe1 Nxc3 26. Qxc3 Bd5 27. f3 Nd7 (27... a6 {simplifies} 28. Rxe8+ Rxe8 29. Re1 Rxe1+ 30. Qxe1 Be6) 28. Qd4 b6 29. Rcd1 Nf8 30. Bc2 {[%emt 0:02:34] Inhibits Bb3. This pair of bishops is nice.} Re6 31. a5 bxa5 32. bxa5 f6 33. Qc5 {[%emt 0:03:41] [#]} Bxf3 $1 34. Qxh5 Rxe1+ 35. Rxe1 Bxh5 36. Re7 Bf7 37. Be4 Bd5 38. Bxd5+ cxd5 $11 {[%emt 0:00:01][%mdl 4096] Endgame KRB-KRN} 39. a6 $1 h5 40. Bf2 Rc8 {[%emt 0:00:48] aiming for ...Rc1+.} 41. Be3 {[%emt 0:02:48] Against Rc1+} (41. Rxa7 $2 Rc1+ $19) (41. Bxa7 Rc6 42. Re8 Kf7 $17) (41. g4 $11) 41... Rc3 (41... Rc4 $1 $15) 42. Bxa7 (42. Kf2 $1 $11) 42... Rc6 43. Re8 Kf7 $1 ({Don't take} 43... Rxa6 44. Bc5 $16) 44. Rd8 Rxa6 45. Bc5 Ne6 46. Rxd5 Ra1+ 47. Kf2 Ra2+ 48. Kf1 Ra1+ 49. Kf2 Nf4 50. Rd2 {[%emt 0:00:35] Inhibits Ra2.} Ra4 51. Be3 Ne6 52. Rd7+ Kg6 53. Rd2 Kf5 54. Kf3 Ra3 55. Rd5+ Kg6 56. Kf2 Ra2+ 57. Kf3 Rb2 58. Ra5 Rb3 59. Kf2 h4 60. Ra4 h3 (60... Kh5 $15) 61. gxh3 Rb2+ 62. Kg3 Re2 63. Ra3 f5 {[%emt 0:00:49][%cal Oe2e3] And now ...Rxe3+! would win.} 64. Bf4 (64. Bf2 $11) 64... Nxf4 {[%emt 0:00:54] Black is much more active.} 65. Kxf4 Rxh2 $17 {[%emt 0:00:18] KR-KR} (65... Re4+ $15 66. Kg3 Kg5) 66. Ra6+ $11 Kh5 67. Ra8 Rf2+ (67... Rxh3 {gets mated.} 68. Rh8+ (68. Kxf5 Rf3+ 69. Ke4 Rf1 $19) 68... Kg6 69. Rxh3 Kf6 70. Rg3 g6 71. Rg1 Kf7 72. Ke5) 68. Kg3 Rf1 69. Rf8 {[%emt 0:00:37] Against f4+} (69. Rh8+ $1 $11 {was the only way to keep the balance.} Kg6 70. h4) 69... Kg5 (69... g6 $17) 70. h4+ Kg6 71. Ra8 Rg1+ 72. Kf3 Rg4 73. Rh8 $1 Ra4 74. Kg3 Kf6 75. Rb8 (75. Rf8+ $1 $11 Kg6 76. h5+ Kg5 77. Rf7) 75... Rc4 ({Better is} 75... Rg4+ $17 76. Kh3 Re4) 76. Rb6+ Kf7 77. Ra6 (77. h5 $11 {remains equal.}) 77... Rg4+ $17 78. Kh3 Re4 (78... g6 $1 $17) 79. Kg3 (79. h5 $1 $11 {keeps the balance.}) 79... Re6 ({Black should try} 79... g6 $17) 80. Ra4 (80. Rxe6 $1 $11 Kxe6 81. Kf4) 80... Kf6 (80... g6 $1 $17) 81. Kf4 (81. h5 $1 $11) 81... Kg6 (81... g6 $17) 82. Rb4 $1 $11 Rf6 83. Rb8 Ra6 84. h5+ $2 {[%emt 0:00:38][%mdl 8192] Loses the game.} (84. Rh8 $11) 84... Kxh5 $19 85. Kxf5 Rf6+ $1 {[%emt 0:00:00] Black mates.} 86. Ke5 Rf1 87. Rb2 g5 88. Rh2+ Kg4 89. Rg2+ Kh4 90. Ke4 g4 91. Ke3 Kh3 92. Ra2 g3 93. Ra8 g2 94. Rh8+ {[%emt 0:00:11] [#]} Kg3 $1 95. Rg8+ Kh2 96. Rh8+ {[%emt 0:00:01] [#]} Kg1 $1 97. Ke2 Rf5 98. Ra8 Rh5 99. Kf3 Kh1 {[%emt 0:00:25] Weighted Error Value: White=0.15 (very precise) /Black=0.15 (very precise)} 0-1

[Event "ITT 1st Parada Jamundi 2022"]
[Site "Jamundi Valle"]
[Date "2022.12.10"]
[Round "8.15"]
[White "Borrero, Alexander"]
[Black "Estrada Velandia, Henry Andres"]
[Result "1-0"]
[ECO "C02"]
[WhiteElo "1988"]
[BlackElo "1883"]
[Annotator "TA"]
[PlyCount "125"]
[EventDate "2022.12.05"]
[EventType "swiss"]
[EventCountry "COL"]
[SourceTitle "playchess.com"]
[Source "ChessBase"]
[SourceQuality "1"]
[TimeControl "5400+30"]

1. e4 e6 2. d4 d5 3. e5 c5 4. Nf3 cxd4 5. Bd3 Bc5 6. Nbd2 Nc6 7. O-O Nge7 {[%emt 0:00:17] C02: French: Advance Variation.} 8. Nb3 Bb6 9. a4 a6 {[%emt 0:00:00] [#] Black has an edge.} 10. c3 $146 ({Predecessor:} 10. Re1 Ng6 11. Bxg6 hxg6 12. Nbxd4 Nxd4 13. Nxd4 Qh4 14. Nf3 Qxf2+ 15. Kh1 Bd7 16. Bf4 {½-½ (49) Naroditsky,D (2616)-Barria Zuniga,D (2341) Chess.com INT 2022}) 10... dxc3 11. bxc3 h6 12. Bc2 (12. Rb1 $11) 12... O-O (12... Qc7 $15 13. Qe2 Na5) 13. h4 (13. Qd3 $11 Ng6 14. Ba3) 13... f5 14. Ba3 Bc7 (14... Rf7 {is interesting.} 15. Re1 Ng6 16. h5 Nf4) 15. Re1 b6 (15... Re8 $17) 16. Nbd4 Rf7 17. h5 Na5 (17... Qe8 $15) 18. Bd3 (18. g4 $1 $14) 18... Bd7 19. Qe2 Qc8 20. Rec1 (20. Bxe7 $11 {feels stronger.} Rxe7 21. c4 dxc4 22. Bxc4) 20... Qb7 21. Rcb1 Qc8 22. Rc1 Qb7 (22... Bd8 $15) 23. Rab1 Qc8 $2 (23... Nec6 $11 {and Black has nothing to worry.}) 24. Ra1 $2 (24. Bxe7 $1 $18 Rxe7 25. c4) 24... Qb7 25. Nh4 (25. Rcb1 $11 {is superior.}) 25... Nec6 $1 $15 26. Nhf3 Nxd4 (26... Nc4 {simplifies} 27. Nxc6 Bxc6 28. Bd6 Re8) 27. Nxd4 Bxa4 ({Black should try} 27... Qc8 $11) 28. Nxe6 $14 Nb3 {[%emt 0:00:00][%csl LRa1,LRc1] [#]} 29. Nxc7 ({White should play} 29. Nd4 $1 $14) 29... Nxc1 $4 {[%emt 0:00:00][%mdl 8192] This costs Black the game.} (29... Rxc7 30. Bxf5 Nxa1 31. Rxa1) (29... Qxc7 $11 {and Black is okay.} 30. c4 (30. e6 Rf6 $17) 30... d4) 30. Bxc1 $18 {[%emt 0:00:00][%mdl 64] Discovered Attack. The board is on fire.} Qxc7 31. Rxa4 Re8 32. f4 (32. Rxa6 Rxe5 33. Ra8+ Rf8 34. Rxf8+ Kxf8 $18) 32... Qxc3 (32... Ra8 {was worth a try.} 33. Ba3 Qxc3) 33. Bd2 (33. Be3 a5 34. Rd4 (34. Bxb6 $2 Qc6 $19) 34... Kh8 35. Rxd5 a4 $18) 33... Qc5+ 34. Be3 {[%emt 0:00:00][%mdl 64] Skewer} Qc3 35. Rxa6 ({Less strong is} 35. Bxb6 Rff8 36. Qe3 Re6 $18) 35... Rb8 36. Rxb6 Rxb6 37. Bxb6 {[%emt 0:00:00] This pair of bishops is nice.} Rb7 {[%emt 0:00:00] Inhibits e6.} (37... Qc1+ $142 38. Qf1 Qb2) 38. Bf2 ({Stronger than} 38. Be3 Rb2 39. Qf1 Rb3 40. Bxf5 Qxe3+ 41. Qf2 Kf7 42. Qxe3 Rxe3 $17) 38... Qc1+ 39. Kh2 Qxf4+ 40. Bg3 Qg5 41. Qf3 $1 Rf7 42. Kh3 f4 43. e6 Rf8 44. Bh4 Qe5 45. e7 {[%emt 0:00:20] Bh7+ would kill now.} Rc8 46. Bg6 Qe6+ 47. Kh2 Qe5 48. e8=Q+ (48. Qg4 $142 Qb8 49. Qe6+ Kh8 {[#]} 50. Bf6 $1 Rf8 51. Be5 (51. e8=B $2 {too greedy.} Rxf6 52. Qxd5 f3+ 53. g3 f2 $19) 51... Qe8 52. Bxe8 Rf6 53. Bxf6 f3 54. Bg6 gxf6 55. e8=Q+ Kg7 56. Q8g8#) 48... Rxe8 49. Bxe8 Qxe8 50. Qxd5+ Kh8 (50... Kh7 $18 51. Qd3+ Kg8) 51. Qd8 {[%emt 0:00:22] White mates.} Qxd8 52. Bxd8 {[%emt 0:00:05] KB-K3P} Kh7 53. Kh3 g5 54. hxg6+ Kxg6 {[%emt 0:00:01] KB-KPP} 55. Kg4 Kh7 56. Bc7 Kg6 57. Bxf4 {[%emt 0:00:15] KB-KP} h5+ 58. Kh4 Kf5 59. Bc1 Kg6 60. Bg5 Kh7 61. Kxh5 Kg7 62. g4 Kh7 63. Bf6 $2 {[%emt 0:00:25] Weighted Error Value: White=0.38/Black=0.55} (63. Bh6 {mates} Kh8 64. Kg6 Kg8 65. g5 Kh8 66. Kf7 Kh7 67. Bf8 Kh8 68. Bg7+ Kh7 69. g6#) 1-0

[Event "ITT 1st Parada Jamundi 2022"]
[Site "Jamundi Valle"]
[Date "2022.12.10"]
[Round "8.16"]
[White "Luligo Bejarano, Luis Angel"]
[Black "Ramirez, Andres Felipe"]
[Result "1-0"]
[ECO "A36"]
[WhiteElo "1675"]
[BlackElo "1571"]
[Annotator "NA RC COMBH"]
[PlyCount "74"]
[EventDate "2022.12.05"]
[EventType "swiss"]
[EventCountry "COL"]
[SourceTitle "playchess.com"]
[Source "ChessBase"]
[SourceQuality "1"]
[TimeControl "5400+30"]

1. e4 c5 2. c4 Nc6 3. g3 Nf6 4. Bg2 g6 5. Ne2 Bg7 6. Nbc3 O-O 7. O-O Ne8 8. d3 Nc7 9. Be3 Ne6 10. f4 d6 11. Rb1 Ned4 12. h3 Rb8 13. a3 b6 14. b4 Bb7 15. b5 Nxe2+ 16. Nxe2 Nd4 17. Nxd4 cxd4 18. Bd2 f5 19. exf5 Bxg2 20. Kxg2 Rxf5 21. Qe2 e5 22. g4 Rf8 23. fxe5 dxe5 24. Qe4 Qd7 25. Bb4 Rxf1 26. Rxf1 Qe6 27. a4 h6 28. Rf2 Rc8 29. Rf1 Kh7 30. Qb7 e4 31. Rf7 Rg8 32. Re7 Qf6 33. Qxe4 Qg5 34. Rxa7 Qc1 35. Qxd4 Qc2+ 36. Kg3 Kh8 37. Rxg7 Ra8 1-0